Map: Thunderbird LE

Players

Serral

  • Race: Zerg Zerg
  • League: Grandmaster
  • Spawn Location: 5:00

liquidthermy (uThermal) - Winner!

  • Race: Terran Terran
  • Spawn Location: 11:00

Event: HomeStory Cup XIX

VOD

Have the link to the VOD?

Description

Time

  • Played on: June 27, 2019, 12:31 p.m.
  • Length: 4:40

All games in this series

Show
View Real Time Build Order
Export as new Build Order

Serral Zerg 

Build Orders: Hatch First 

Get SALT Encoding   

  12  0:00  Drone  
  13  0:12  Overlord  
  13  0:16  Drone  
  14  0:30  Drone x2  
  16  0:48  Hatchery  
  15  0:51  Drone  
  15  0:55  Drone  
  17  0:58  Drone  
  18  1:12  Spawning Pool  
  18  1:15  Drone  
  18  1:19  Drone  
  19  1:33  Extractor  
  19  1:34  Drone  
  19  1:58  Queen  
  19  1:59  Zergling x2, Queen  
  19  2:00  Zergling x4  
  19  2:01  Zergling x2  
  27  2:10  Spine Crawler  
  27  2:11  Overlord  
  27  2:13  Zergling x2  
  27  2:21  Drone  
  27  2:23  Drone  
  28  2:34  Drone  
  28  2:35  Queen  
  31  2:38  Drone  
  32  2:48  Metabolic Boost  
  32  2:53  Queen  
  32  2:57  Zergling x2  
  34  3:03  Drone  
  35  3:12  Queen  
  35  3:16  Overlord  
  35  3:22  Overlord  
  35  3:27  Zergling x2  
  35  3:32  Queen  
  35  3:35  Zergling x2  
  35  3:36  Zergling x2  
  34  3:43  Zergling x6  
  34  3:52  Queen  
  34  3:54  Zergling x4  
  36  4:00  Zergling x4  
  36  4:04  Zergling x2  
  35  4:14  Zergling x2  
  35  4:15  Zergling x2  
Show
View Real Time Build Order
Export as new Build Order

liquidthermy Terran - Winner!

Build Orders:  

Get SALT Encoding   

  12  0:02  SCV  
  13  0:14  Supply Depot  
  13  0:18  SCV  
  14  0:38  Barracks  
  14  0:41  Refinery  
  14  0:55  Barracks  
  14  0:59  SCV  
  15  1:25  Reaper  
  16  1:35  Barracks, SCV  
  16  1:36  Refinery  
  17  1:44  Reaper  
  18  2:00  Reaper  
  19  2:06  Bunker  
  19  2:08  SCV  
  20  2:18  Reaper  
  21  2:29  Supply Depot  
  21  2:32  Reaper  
  22  2:37  Reaper  
  23  2:50  Reaper  
  24  3:04  Reaper  
  23  3:09  Reaper  
  24  3:19  SCV  
  25  3:22  Reaper  
  26  3:36  Reaper  
  27  3:41  Reaper  
  28  3:54  Reaper  
  28  4:08  Reaper  
  29  4:14  SCV  
  29  4:16  Supply Depot  
Tags
 
Add a new tag
Caveats
  • Supply blocks, unpowered buildings, or Contaminate may cause inaccurate times.
  • Supply counts are checked every 10 seconds.